 Dungeon Sprint DCSS version 0.25.1-2-g60ff931df9 (webtiles) character file.

Game seed: 15205086073400471117

906 funkygono the Protected (level 7, -8/109 HPs)
             Began as a Minotaur Fighter on Sept 5, 2020.
             Mangled by a tyrant leech (21 damage)
             ... in the Dungeon (Sprint II: "The Violet Keep of Menkaure").
             The game lasted 00:01:36 (286 turns).

funkygono the Protected (Minotaur Fighter)           Turns: 286, Time: 00:01:36

Health: -8/109     AC:  9    Str: 22 (23) XL:     7   Next: 81%
Magic:  6/6        EV: 10    Int:  5      God:
Gold:   243        SH: 12    Dex:  7      Spells: 6/6 levels left

rFire    . . .     SeeInvis .   a - +0 flail
rCold    . . .     Gourm    .   c - +0 kite shield
rNeg     . . .     Faith    .   b - +0 scale mail
rPois    .         Spirit   .   (helmet restricted)
rElec    .         Reflect  .   (no cloak)
rCorr    .         Harm     .   (no gloves)
MR       .....     NoTele   +   (no boots)
Stlth    ..........             (no amulet)
HPRegen  0.00/turn              (no ring)
MPRegen  0.10/turn              (no ring)

@: berserking (expiring), very quick
A: retaliatory headbutt, horns 2, clumsy 1, deterioration 1, inhibited
regeneration, no potion heal 1
a: no special abilities


You were in the Dungeon.
You were not hungry.

You visited 1 branch You collected 243 gold pieces.

Inventory:

Hand Weapons
 a - a +0 flail (weapon)
Armour
 b - a +0 scale mail (worn)
 c - a +0 kite shield (worn)
Scrolls
 k - a scroll of blinking
Potions
 e - a potion of curing
 g - a potion of heal wounds
 h - a potion of haste
 i - 2 potions of magic
Comestibles
 f - a ration


   Skills:
 + Level 10.8 Fighting
 + Level 9.9 Maces & Flails
 + Level 11.0 Armour
 + Level 2.6 Dodging
 + Level 10.8 Shields


You had 6 spell levels left.
You didn't know any spells.
Your spell library was empty.

Dungeon Overview and Level Annotations

Branches:
Dungeon (1/1)

Altars:

Shops:
D [%}*!(}[=([


Innate Abilities, Weirdness & Mutations

You reflexively headbutt those who attack you in melee.
You have a pair of horns on your head.
You are clumsy. (Dex -2)
Your body sometimes deteriorates upon taking damage.
You do not regenerate when monsters are visible.
Potions are less effective at restoring your health.


Message History

You sock the tyrant leech! You headbutt the tyrant leech.
The tyrant leech is moderately wounded.
You sock the tyrant leech! Your headbutt misses the tyrant leech.
The tyrant leech is heavily wounded.
The tyrant leech bites you.
The tyrant leech draws strength from your injuries!
You barely miss the tyrant leech. Your headbutt misses the tyrant leech.
The tyrant leech is moderately wounded.
You bludgeon the tyrant leech!!
The tyrant leech is severely wounded.
The tyrant leech bites you!!
* * * LOW HITPOINT WARNING * * *
Your body deteriorates!
You feel weakened.
The tyrant leech draws strength from your injuries!
You barely miss the tyrant leech.
The tyrant leech is moderately wounded.
You sock the tyrant leech!
The tyrant leech is heavily wounded.
The tyrant leech bites you!!
You die...

########≈≈#+++#+++##
#######≈≈≈.........#
......#≈≈≈≈.##'##..#
..⌠...#≈≈≈≈##.#### #
.∩.∩..#≈≈≈≈#.##..#
∩.∩.∩.#≈≈####...##
.∩.∩.∩#≈##.###'##
∩...∩.#≈#$..##.##
.....∩+≈+ #w@<.+
......#≈#...##.##
▓▓▓▓###≈##.# #+#
a######≈≈## $# ##≈≈≈
+#≈# ≈≈# ≈≈≈ ++#


You could see a tyrant leech.

Vanquished Creatures
  A tyrant leech (D)
  Menkaure (D)
  4 neqoxecs (D)
  A crocodile (D)
7 creatures vanquished.

Notes
Turn   | Place    | Note
-------+----------+-------------------------------------------
     0 | D        | funkygono the Minotaur Fighter began the quest for the Orb.
     0 | D        | Reached XP level 1. HP: 19/19 MP: 0/0
     1 | D        | Noticed a neqoxec
     1 | D        | Noticed a neqoxec
     1 | D        | Noticed a neqoxec
     1 | D        | Noticed a neqoxec
     2 | D        | Gained mutation: You do not regenerate when monsters are
                  | visible. [a neqoxec]
     4 | D        | Noticed a quasit
     4 | D        | Noticed an iron imp
     7 | D        | Gained mutation: Potions are less effective at restoring
                  | your health. [a neqoxec]
     8 | D        | Killed a neqoxec
     8 | D        | Reached skill level 7 in Armour
     8 | D        | Reached XP level 2. HP: 31/31 MP: 1/1
     8 | D        | Reached XP level 3. HP: 38/38 MP: 2/2
     8 | D        | Reached XP level 4. HP: 45/45 MP: 3/3
    17 | D        | Gained mutation: You are clumsy. (Dex -2) [a neqoxec]
    18 | D        | Killed a neqoxec
    18 | D        | Reached skill level 8 in Armour
    18 | D        | Reached skill level 1 in Dodging
    18 | D        | Reached XP level 5. HP: 55/55 MP: 4/4
    18 | D        | Gained mutation: Your body sometimes deteriorates upon
                  | taking damage. [a neqoxec]
    24 | D        | Killed a neqoxec
    24 | D        | Reached skill level 9 in Armour
    24 | D        | Reached XP level 6. HP: 55/63 MP: 5/5
    30 | D        | Killed a neqoxec
    30 | D        | Reached XP level 7. HP: 60/71 MP: 6/6
    45 | D        | Reached skill level 10 in Fighting
    45 | D        | Reached skill level 10 in Armour
    45 | D        | Reached skill level 10 in Shields
   204 | D        | Noticed Menkaure
   208 | D        | Killed Menkaure
   235 | D        | Found Ontom's Antique Weapon Shoppe.
   235 | D        | Found Iwkel's Antique Armour Emporium.
   236 | D        | Found Feiqu's Antique Armour Emporium.
   236 | D        | Found Ukluriunk's Jewellery Shoppe.
   237 | D        | Found Byrghud's Antique Weapon Shoppe.
   237 | D        | Found Hout's Gadget Emporium.
   238 | D        | Found Darghemp's Distillery.
   239 | D        | Found Ipob's General Store.
   239 | D        | Found Vigiyn's Gadget Emporium.
   240 | D        | Found Ecker's Food Shoppe.
   240 | D        | Found Hugire's Antique Armour Emporium.
   268 | D        | Noticed a tyrant leech
   268 | D        | Noticed a tyrant leech
   280 | D        | Killed a tyrant leech
   280 | D        | Reached skill level 11 in Armour
   286 | D        | Mangled by a tyrant leech

Illustrated notes

Levels and vault maps discovered:
D:        the_violet_keep_of_menkaure [sprint2_stairs_cluster_1,
          sprint2_shoproom, sprint2_temple, sprint2_basic_supplies,
          sprint2_obstacle_5, sprint2_obstacle_2, sprint2_obstacle_7,
          sprint2_obstacle_6, sprint2_obstacle_3, sprint2_timed_cluster_1,
          sprint2_smallroom_cluster_1, sprint2_smallroom_final_cluster_1,
          sprint2_transparent_cluster_1, sprint2_second_timed_cluster_1,
          sprint2_sniper_area_1, sprint2_heavy_combat_area_1,
          sprint2_mutation_trap_area_1, sprint2_forest_area_1,
          sprint2_light_combat_area_1, sprint2_behind_water_1,
          sprint2_near_end_vault_1]

Skill      XL: |  1  2  3  4  5  6  7 |
---------------+----------------------+-----
Fighting       | 6 8 9 10 | 10.8
Maces & Flails | 4 6 7 8 9 |  9.9
Armour         | 7 8 9 11 | 11.0
Shields        | 7 8 9 10 | 10.8
Dodging        | 1 2 |  2.6

Action                   |  1- 3 |  4- 6 |  7- 9 || total
-------------------------+-------+-------+-------++-------
Melee: Flail             |     6 |    22 |    22 ||    50
       Headbutt          |     1 |     4 |     5 ||    10
  Use: Potion            |     1 |       |     1 ||     2
Armor: Scale mail        |    13 |     2 |     1 ||    16
Dodge: Dodged            |     3 |     3 |     2 ||     8
Block: Kite shield       |     5 |    14 |     3 ||    22
